 Dungeon Crawl Stone Soup version 0.32-a0-938-g40ac7a0f4d (webtiles) character file.

Game seed: 12184170322359006254

114143 Dirtsage the Severer (level 16, -10/147 HPs)
             Began as a Minotaur Berserker on Apr 15, 2024.
             Was a High Priest of Trog.
             Blown up by an orb spider (43 damage)
             ... with an orb of destruction
             ... on level 2 of the Spider Nest on Apr 16, 2024.
             The game lasted 00:44:44 (23648 turns).

Dirtsage the Severer (Minotaur Berserker)          Turns: 23648, Time: 00:44:45

Health: -10/147    AC: 17    Str: 34    XL:     16   Next: 15%
Magic:  15/15      EV:  5    Int:  6    God:    Trog [*****.]
Gold:   1677       SH:  0    Dex: 12    Spells: 15/15 levels left

rFire   . . .        H - +7 broad axe "Higaab" {freeze, rPois Will++}
rCold   + . .        c - +0 tower shield
rNeg    . . .        Y - +2 plate armour {rC+}
rPois   +            X - +1 hat
rElec   .            f - +0 cloak {Stlth+}
rCorr   +            V - +0 pair of gloves
SInv    +            p - +1 pair of boots
Will    +++..        a - amulet of Usaewk {Reflect rCorr Str+4 Dex-2 SH+5 Stlth+} Stlth
                     G - +6 ring of strength
HPRegen 0.44/turn    S - ring of see invisible
MPRegen 0.14/turn

%: reflection
@: corroded, held
A: horns 2, retaliatory headbutt
a: Renounce Religion, Berserk, Trog's Hand, Brothers in Arms


You were on level 2 of the Spider Nest.
You worshipped Trog.
Trog was extremely pleased with you.
You visited 6 branches of the dungeon, and saw 26 of its levels.
You also visited: Bailey.

You collected 2982 gold pieces.
You spent 1305 gold pieces at shops.

Inventory:

Hand Weapons
 H - the +7 broad axe "Higaab" (weapon) {freeze, rPois Will++}
   (You acquired it on level 1 of the Spider Nest)

   rPois:     It protects you from poison.
   Will++:    It greatly increases your willpower.
 Z - a +6 antimagic broad axe
Missiles
 A - a throwing net
 F - 27 boomerangs (quivered)
 J - 6 curare-tipped darts
Armour
 c - a +0 tower shield (worn)
 f - a +0 cloak of stealth (worn)
 p - a +1 pair of boots (worn)
 Q - a +0 kite shield of reflection
 V - a +0 pair of gloves (worn)
 X - a +1 hat (worn)
 Y - a +2 plate armour of cold resistance (worn)
Jewellery
 a - the amulet of Usaewk (around neck) {Reflect rCorr Str+4 Dex-2 SH+5 Stlth+}
   (You bought it in a shop on level 2 of the Orcish Mines)

   [amulet of reflection]

   Reflect:   It reflects blocked missile attacks.
   Str+4:     It affects your strength (+4).
   Dex-2:     It affects your dexterity (-2).
   rCorr:     It protects you from acid and corrosion.
   SH+5:      It affects your SH (+5).
   Stlth+:    It makes you more stealthy.
 y - an amulet of regeneration
 E - a ring of ice
 G - a +6 ring of strength (left hand)
 P - a ring of poison resistance
 S - a ring of see invisible (right hand)
Wands
 k - a wand of charming (19)
 o - a wand of flame (22)
 z - a wand of polymorph (13)
 R - a wand of iceblast (10)
Scrolls
 e - 7 scrolls of revelation
 g - a scroll of fear
 i - 8 scrolls of identify
 m - 3 scrolls of enchant armour
 r - 8 scrolls of noise
 s - 3 scrolls of poison
 t - 14 scrolls of teleportation
 v - 2 scrolls of immolation
 w - 4 scrolls of enchant weapon
 B - 2 scrolls of blinking
 K - a scroll of fog
 N - a scroll of summoning
Potions
 b - 3 potions of attraction
 d - 3 potions of might
 h - 6 potions of haste
 l - 3 potions of heal wounds
 n - 2 potions of resistance
 q - 6 potions of curing
 u - 3 potions of berserk rage
 x - a potion of ambrosia
 C - 3 potions of brilliance
 D - 5 potions of mutation
 I - 2 potions of invisibility
 L - 2 potions of cancellation
 M - 5 potions of magic
 O - 2 potions of enlightenment
Miscellaneous
 j - a phantom mirror


   Skills:
 + Level 14.9 Fighting
 - Level 18.0 Axes
 + Level 9.8 Throwing
 - Level 13.6 Armour
 - Level 12.3 Dodging
 * Level 12.6 Shields
 - Level 7.8 Evocations


You had 15 spell levels left.
You didn't know any spells.
Your spell library contained the following spells:

 Spells                   Type           Power      Damage    Failure   Level
 Freeze                   Ice            0%         1d3       99%         1
 Sting                    Conj/Alch      0%         1d3       99%         1
 Ensorcelled Hibernation  Hex/Ice        0%         N/A       100%        2
 Mercury Vapours          Alch/Air       0%         N/A       100%        2
 Frozen Ramparts          Ice            0%         1d1       100%        3
 Fugue of the Fallen      Necr           0%         N/A       100%        3
 Hailstorm                Conj/Ice       0%         3d5       100%        3
 Ozocubu's Armour         Ice            0%         N/A       100%        3
 Passwall                 Erth           0%         N/A       100%        3
 Sigil of Binding         Hex            0%         N/A       100%        3
 Swiftness                Air            0%         N/A       100%        3
 Teleport Other           Tloc           0%         N/A       100%        3
 Olgreb's Toxic Radiance  Alch           0%         N/A       100%        4
 Summon Blazeheart Golem  Fire/Summ      0%         N/A       100%        4
 Death Channel            Necr           0%         N/A       100%        6
 Dispersal                Tloc           0%         N/A       100%        6
 Gell's Gavotte           Tloc           0%         2d(11-16) 100%        6
 Sculpt Simulacrum        Ice/Alch       0%         N/A       100%        6
 Haunt                    Necr/Summ      0%         N/A       100%        7
 Manifold Assault         Tloc           0%         N/A       100%        7
 Orb of Destruction       Conj           0%         9d5       100%        7
 Spellforged Servitor     Conj/Summ      0%         N/A       100%        7
 Borgnjor's Revivificati  Necr           0%         N/A       100%        8
 Death's Door             Necr           0%         N/A       100%        9


Dungeon Overview and Level Annotations

Branches:
Dungeon (15/15)            Temple (1/1) D:6            Lair (5/5) D:9
  Swamp (0/4) Lair:3       Spider (2/4) Lair:2        Slime (1/5) Lair:4
    Orc (2/2) D:11            Elf (0/3) Orc:2        Vaults (0/5) D:14
 Depths (0/4) D:15         Bailey (visited)

Altars:
Ashenzari
Cheibriados
Dithmenos
Elyvilon
Fedhas
Gozag
Hepliaklqana
Kikubaaqudgha
Makhleb
Nemelex Xobeh
Okawaru
Qazlal
Ru
Sif Muna
Trog
Uskayaw
Vehumet
Wu Jian
Xom
Yredelemnul
Zin
The Shining One
Beogh
Lugonu

Shops:
D:5 [   D:6 :   D:10 ?   D:11 ?   Orc:2 [*=(

Portals:
Abyss: D:15
Trove: D:12 (give +3 gold dragon scales)

Annotations:
D:9 4 transporters
D:11 3 runed translucent doors, Mymn's ghost, journeyman HuWn


Innate Abilities, Weirdness & Mutations

You have a pair of horns on your head.
You reflexively headbutt those who attack you in melee.


Message History

You take 9 damage, and have 9/147 hp.
You slash the entropy weaver! You freeze the entropy weaver.
You headbutt the entropy weaver.
The entropy weaver is moderately wounded.
The entropy weaver hits you but does no damage.
You block the entropy weaver's attack. x2; The entropy weaver hits you.
* * * LOW HITPOINT WARNING * * *
You take 1 damage, and have 8/147 hp.
You feel much better.
You block the entropy weaver's attack. x3
The entropy weaver hits you but does no damage.
You regained 34 hp, and now have 42/147 hp.
You slash the entropy weaver! You freeze the entropy weaver.
Your headbutt misses the entropy weaver.
The entropy weaver is heavily wounded.
You block the entropy weaver's attack. x3
The entropy weaver closely misses you.
You slice the entropy weaver!! You freeze the entropy weaver!
You kill the entropy weaver!
Trog accepts your kill.
Trog appreciates your killing of a magic user.
A jumping spider comes into view.
You see here an entropy weaver corpse.
The jumping spider's many legs skitter faintly.
The jumping spider leaps!
The orb spider begins to weave its threads into a brightly glowing ball.
The jumping spider pounces on you!
* * * LOW HITPOINT WARNING * * *
You are caught in a web!
The jumping spider bites you but does no damage.
The orb spider weaves a glowing orb of energy.
The jumping spider closely misses you. You furiously retaliate!
You headbutt the jumping spider! The jumping spider barely misses you.
An orb of destruction comes into view.
There is a web here.
You take 11 damage, and have 33/147 hp.
You struggle to detach yourself from the web.
The jumping spider pounces on you but does no damage.
The jumping spider bites you but does no damage.
The orb of destruction hits you!!!
You die...

## #####.# #
#.≈...#.# #s☼○@#.#
#.≈.s^# .# #.#.#.#
.# # #.### ### .#
#.#)#####.###s#
#.≈.#.#...#.*s#
...
#s≈..#.#.#..≈s#
..##.≈^..#...#.≈.#
#..###########†###


You could see an orb spider and a jumping spider.

Vanquished Creatures
  Gastronok (D:12)
  Donald (Orc:2)
  A fire giant (D:15)
  Louise (D:14)
  A ghost moth (Spider:1)
  2 orc warlords (Orc:2)
  Azrael (D:15)
  Harold (Lair:1)
  3 entropy weavers (Spider:2)
  Josephine (D:11)
  Fannar (Lair:1)
  An ice dragon (Lair:5)
  7 hydras
  Erolcha (D:12)
  3 vault guards
  A radroach (Spider:1)
  2 catoblepae
  2 boulder beetles
  A death knight (D:14)
  5 centaur warriors
  3 tengu warriors
  7 two-headed ogres
  An occultist (D:15)
  3 demonic crawlers (Spider:1)
  3 orc high priests (Orc:2)
  A skyshark (Lair:2)
  A pharaoh ant (Spider:2)
  Lodul (D:11)
  2 orb spiders
  2 sun moths (Spider:1)
  7 orc knights
  2 deep elf zephyrmancers (D:14)
  An obsidian statue (D:12)
  3 wolf spiders
  2 lindwurms
  A steelbarb worm (Spider:2)
  3 cyclopes
  5 orc sorcerers (Orc:2)
  2 deep elf pyromancers
  13 ugly things
  A manticore (D:15)
  Maurice (D:9)
  17 elephants (Lair:5)
  3 meliai (Spider:1)
  4 black mambas
  6 torpor snails
  Maggie (D:7)
  11 cane toads
  2 rime drakes
  An unseen horror (D:12)
  4 gargoyles
  A rime drake (shapeshifter) (D:14)
  14 komodo dragons
  4 yaktaurs (D:15)
  Psyche (D:11)
  6 trolls
  2 polar bears
  A queen bee (shapeshifter) (D:14)
  14 hornets
  4 tyrant leeches (Lair:5)
  22 blink frogs
  4 jumping spiders
  4 tarantellas
  Prince Ribbit (Bailey)
  6 slime creatures (D:14)
  2 culicivoras (Spider:1)
  2 wyverns
  2 centaur simulacra (D:15)
  34 yaks
  6 wraiths
  2 shadows (D:13)
  6 humans (Bailey)
  Grum (D:11)
  2 fire elementals (D:15)
  9 redbacks
  5 vampire mosquitoes
  5 steam dragons
  5 basilisks
  2 wargs (Orc:2)
  An acid dragon (D:12)
  4 hell hounds (D:15)
  13 water moccasins
  30 orc warriors
  2 ice beasts (D:6)
  4 black bears
  10 ogres
  25 wolves
  17 centaurs
  A kobold brigand (D:9)
  A phantom (D:5)
  29 bullfrogs
  A gnoll sergeant (D:11)
  4 scorpions
  4 wights (D:9)
  10 killer bees
  10 howler monkeys
  4 electric eels (Lair:5)
  4 bombardier beetles
  13 orc priests
  A hound (D:5)
  3 jellies
  A sleepcap (D:5)
  Ijyb (D:4)
  Jessica (D:2)
  11 iguanas
  18 orc wizards
  12 hell rats
  9 gnolls
  14 adders
  A shadow imp (D:7)
  A white imp (D:4)
  2 dart slugs
  4 ribbon worms
  72 orcs
  10 ball pythons
  2 bat zombies (D:3)
  7 endoplasms
  A giant cockroach (D:4)
  13 goblins
  8 hobgoblins
  3 jackals (D:4)
  6 quokkas
  4 bats
  5 frilled lizards
  2 frilled lizard zombies (D:3)
  10 kobolds
  4 rats
731 creatures vanquished.

Vanquished Creatures (collateral kills)
  A hydra (Lair:4)
  An ogre (D:11)
2 creatures vanquished.

Vanquished Creatures (others)
  Jeremiah (D:7)
  A howler monkey (D:6)
  A hell rat (Lair:4)
  A lurking horror (D:15)
4 creatures vanquished.

Grand Total: 737 creatures vanquished

Notes
Turn   | Place    | Note
-------+----------+-------------------------------------------
     0 | D:1      | Dirtsage the Minotaur Berserker began the quest for the
                  | Orb.
     0 | D:1      | Reached XP level 1. HP: 19/19 MP: 0/0
    34 | D:1      | Reached skill level 4 in Axes
   105 | D:1      | Reached XP level 2. HP: 25/26 MP: 1/1
   299 | D:1      | Found a faded altar of an unknown god.
   376 | D:1      | Reached ** piety under Trog
   377 | D:1      | Reached skill level 5 in Axes
   377 | D:1      | Reached XP level 3. HP: 28/31 MP: 2/2
   574 | D:2      | Noticed Jessica
   580 | D:2      | Killed Jessica
   725 | D:2      | Reached skill level 6 in Axes
   725 | D:2      | Reached XP level 4. HP: 39/39 MP: 3/3
  1569 | D:3      | Found a radiant altar of Vehumet.
  1665 | D:3      | Reached skill level 7 in Axes
  1665 | D:3      | Reached XP level 5. HP: 45/45 MP: 4/4
  1839 | D:3      | Identified the +1 rapier of Fate {flame, *Noise rElec rF+++
                  | rN++}
  1881 | D:3      | Found a hide-covered altar of Uskayaw.
  1962 | D:3      | Reached skill level 8 in Axes
  2232 | D:3      | Found an ancient bone altar of Kikubaaqudgha.
  2270 | D:3      | Reached XP level 6. HP: 8/51 MP: 5/5
  2671 | D:3      | Found an iron altar of Okawaru.
  2704 | D:3      | Reached skill level 9 in Axes
  2815 | D:4      | Reached *** piety under Trog
  2857 | D:4      | Reached XP level 7. HP: 39/57 MP: 6/6
  2977 | D:4      | Found an ornate altar of the Wu Jian Council.
  3184 | D:4      | Found a stormy altar of Qazlal.
  3456 | D:4      | Noticed Ijyb
  3465 | D:4      | Killed Ijyb
  3466 | D:4      | Reached skill level 10 in Axes
  3736 | D:5      | Entered Level 5 of the Dungeon
  3752 | D:5      | Reached skill level 1 in Evocations
  3922 | D:5      | Found Qighi's Antique Armour Boutique.
  3978 | D:5      | Reached XP level 8. HP: 45/67 MP: 7/7
  4209 | D:5      | Reached **** piety under Trog
  4538 | D:5      | Found a burning altar of Makhleb.
  4549 | D:5      | Found a sparkling altar of Nemelex Xobeh.
  4677 | D:5      | Found a blossoming altar of Fedhas.
  4716 | D:6      | Reached skill level 5 in Fighting
  4772 | D:6      | Reached skill level 11 in Axes
  5166 | D:6      | Noticed a walking divine tome
  5167 | D:6      | Found Soge's Book Boutique.
  5170 | D:6      | Noticed a walking earthen tome
  5259 | D:6      | Found a hazy altar of Hepliaklqana.
  5259 | D:6      | Found a broken altar of Ashenzari.
  5276 | D:6      | Found a staircase to the Ecumenical Temple.
  5285 | Temple   | Entered the Ecumenical Temple
  5549 | D:7      | Reached skill level 5 in Armour
  5590 | D:7      | Reached XP level 9. HP: 68/75 MP: 8/8
  5697 | D:7      | Noticed Maggie
  5706 | D:7      | Killed Maggie
  5775 | D:7      | Found a basalt altar of Yredelemnul.
  5839 | D:7      | Noticed Jeremiah
  5845 | D:7      | Killed Jeremiah
  5852 | D:7      | Reached skill level 12 in Axes
  5852 | D:7      | Reached skill level 5 in Dodging
  6553 | D:8      | Noticed a two-headed ogre
  6561 | D:8      | Killed a two-headed ogre
  7004 | D:9      | Reached XP level 10. HP: 86/86 MP: 9/9
  7124 | D:9      | Reached skill level 13 in Axes
  7172 | D:9      | Noticed Maurice
  7204 | D:9      | Something stole a +0 battleaxe
  7205 | D:9      | Something stole a ring of ice
  7213 | D:9      | Maurice stole 463 gold
  7219 | D:9      | Something stole 11 gold
  7221 | D:9      | Found a staircase to the Lair.
  7406 | D:9      | Found a transporter.
  7487 | D:9      | Killed Maurice
  7727 | D:9      | Found a transporter.
  7800 | D:9      | Found a transporter.
  7950 | D:9      | Found a transporter.
  8071 | D:10     | Entered Level 10 of the Dungeon
  8081 | D:10     | Found a bloodstained altar of Trog.
  8081 | D:10     | Found a shimmering altar of Xom.
  8125 | D:10     | Found a sacrificial altar of Ru.
  8233 | D:10     | Found a transporter.
  8233 | D:10     | Found Boaku's Magic Scroll Shoppe.
  8233 | D:10     | Noticed a two-headed ogre
  8235 | D:10     | Found a transporter.
  8256 | D:10     | Found a flagged portal.
  8267 | D:10     | Reached skill level 5 in Evocations
  8355 | Bailey   | Entered a bailey
  8443 | Bailey   | Reached ***** piety under Trog
  8448 | Bailey   | Reached skill level 14 in Axes
  8478 | Bailey   | Noticed Prince Ribbit
  8480 | Bailey   | Noticed a vault guard
  8486 | Bailey   | Killed Prince Ribbit
  8487 | Bailey   | Reached XP level 11. HP: 95/95 MP: 10/10
  8499 | Bailey   | Killed a vault guard
  8533 | Bailey   | Noticed a vault guard
  8548 | Bailey   | Killed a vault guard
  9117 | D:10     | Killed a two-headed ogre
  9120 | D:10     | Bought a scroll of identify for 28 gold pieces
  9120 | D:10     | Bought a scroll of teleportation for 42 gold pieces
  9120 | D:10     | Bought a scroll of identify for 28 gold pieces
  9120 | D:10     | Bought a scroll of blinking for 105 gold pieces
  9120 | D:10     | Bought a scroll of fear for 56 gold pieces
  9120 | D:10     | Bought a scroll of enchant armour for 105 gold pieces
  9150 | D:11     | Found Votos's Magic Scroll Shop.
  9150 | D:11     | Noticed Psyche
  9152 | D:11     | Noticed a centaur warrior
  9156 | D:11     | Killed Psyche
  9160 | D:11     | Killed a centaur warrior
  9178 | D:11     | Bought a scroll of identify for 28 gold pieces
  9178 | D:11     | Bought a scroll of revelation for 105 gold pieces
  9222 | D:11     | Noticed Lodul
  9235 | D:11     | Killed Lodul
  9236 | D:11     | Reached skill level 15 in Axes
  9292 | D:11     | Noticed Grum
  9301 | D:11     | Killed Grum
  9449 | D:11     | Noticed Josephine
  9460 | D:11     | Killed Josephine
  9518 | D:11     | Found a runed translucent gate.
  9518 | D:11     | Noticed a two-headed ogre
  9519 | D:11     | Found a runed translucent gate.
  9519 | D:11     | Found a runed translucent gate.
  9519 | D:11     | Noticed Mymn's ghost (journeyman HuWn)
  9521 | D:11     | Noticed a boulder beetle
  9527 | D:11     | Killed a two-headed ogre
  9876 | D:11     | Reached XP level 12. HP: 96/106 MP: 11/11
  9914 | D:11     | Found a staircase to the Orcish Mines.
 10058 | Lair:1   | Entered Level 1 of the Lair of Beasts
 10146 | Lair:1   | Identified the +1 ring mail "Ixudobi" {rF+ Dex+3}
 10152 | Lair:1   | Reached skill level 1 in Shields
 10157 | Lair:1   | Reached skill level 1 in Throwing
 10176 | Lair:1   | Noticed a catoblepas
 10192 | Lair:1   | Killed a catoblepas
 10193 | Lair:1   | Reached skill level 10 in Fighting
 10359 | Lair:1   | Noticed Harold
 10380 | Lair:1   | Killed Harold
 10411 | Lair:1   | Noticed Fannar
 10430 | Lair:1   | Killed Fannar
 10431 | Lair:1   | Reached skill level 16 in Axes
 10809 | Lair:2   | Noticed a five-headed hydra
 10813 | Lair:2   | Reached skill level 10 in Armour
 10817 | Lair:2   | Killed a ten-headed hydra
 11145 | Lair:2   | Noticed a six-headed hydra
 11162 | Lair:2   | Killed a 13-headed hydra
 11257 | Lair:2   | Received a gift from Trog
 11258 | Lair:2   | Reached XP level 13. HP: 86/113 MP: 12/12
 11341 | Lair:2   | Found a hole to the Spider Nest.
 11890 | Lair:3   | Found an ancient bone altar of Kikubaaqudgha.
 11951 | Lair:3   | Reached skill level 17 in Axes
 12033 | Lair:3   | Found a staircase to the Swamp.
 12636 | Lair:4   | Reached skill level 5 in Shields
 13212 | Lair:4   | Reached skill level 5 in Throwing
 13303 | Lair:4   | Found a staircase to the Slime Pits.
 13700 | Slime:1  | Entered Level 1 of the Pits of Slime
 13758 | Lair:5   | Entered Level 5 of the Lair of Beasts
 13775 | Lair:5   | Reached skill level 10 in Dodging
 13776 | Lair:5   | Received a gift from Trog
 14033 | Lair:5   | Reached XP level 14. HP: 105/125 MP: 13/13
 14145 | Lair:5   | Reached skill level 18 in Axes
 15906 | D:12     | Noticed Erolcha
 15910 | D:12     | Noticed Gastronok
 15918 | D:12     | Killed Erolcha
 15927 | D:12     | Killed Gastronok
 15927 | D:12     | Received a gift from Trog
 16412 | D:12     | Found a portal to a secret trove of treasure.
 16601 | Orc:1    | Entered Level 1 of the Orcish Mines
 16786 | Orc:2    | Entered Level 2 of the Orcish Mines
 16786 | Orc:2    | Found a staircase to the Elven Halls.
 16801 | Orc:2    | Noticed an orc warlord
 16867 | Orc:2    | Noticed Donald
 16885 | Orc:2    | Killed Donald
 16938 | Orc:2    | Found Nikhling's Antique Weapon Boutique.
 16940 | Orc:2    | Found a roughly hewn altar of Beogh.
 17139 | Orc:2    | Noticed an orc warlord
 17157 | Orc:2    | Killed an orc warlord
 17246 | Orc:2    | Found Ycsulet's Jewellery Boutique.
 17253 | Orc:2    | Bought the amulet of Usaewk {Reflect rCorr Str+4 Dex-2 SH+5
                  | Stlth+} for 694 gold pieces
 17313 | Orc:2    | Killed an orc warlord
 17446 | Orc:2    | Reached XP level 15. HP: 135/135 MP: 4/14
 17460 | Orc:2    | Found Yropod's Antique Armour Shoppe.
 17538 | Orc:2    | Found Ceinliedy's General Store.
 17546 | Orc:2    | Bought a scroll of identify for 24 gold pieces
 17546 | Orc:2    | Bought a scroll of revelation for 90 gold pieces
 17648 | Orc:2    | Found a shimmering blue altar of Sif Muna.
 17882 | Orc:1    | Received a gift from Trog
 19859 | D:14     | Found a gate to the Vaults.
 20234 | D:14     | Reached skill level 10 in Shields
 20301 | D:14     | Paralysed by a hornet for 1 turns
 20409 | D:14     | Noticed Louise
 20430 | D:14     | Killed Louise
 20483 | D:15     | Entered Level 15 of the Dungeon
 20511 | D:15     | Noticed Azrael
 20532 | D:15     | Killed Azrael
 20532 | D:15     | Received a gift from Trog
 20555 | D:15     | Noticed a fire giant
 20715 | D:15     | Found a staircase to the Depths.
 20723 | D:15     | Killed a fire giant
 21028 | D:15     | Found a corrupted altar of Lugonu.
 21030 | D:15     | Found a one-way gate to the infinite horrors of the Abyss.
 21744 | Spider:1 | Entered Level 1 of the Spider Nest
 22686 | Spider:1 | Reached XP level 16. HP: 147/147 MP: 5/15
 22947 | Spider:1 | Identified a scroll of acquirement
 22948 | Spider:1 | Acquired the +7 broad axe "Higaab" {freeze, rPois Will++}
 23615 | Spider:2 | Received a gift from Trog
 23648 | Spider:2 | Blown up by an orb spider

Illustrated notes

Levels and vault maps discovered:
D:1:      lightli_arrival_maybe_door_vault, layout_rooms,
          hellmonk_ecumenical_altar_blasted
D:2:      layout_basic, uniq_jessica
D:3:      layout_basic, lemuel_zombie_altar_kikubaaqudgha,
          vehumet_altar_wand_db, nicolae_overflow_crystal_walls,
          mainiacjoe_overflow_cross_hatched
D:4:      layout_gridville, kennysheep_little_box, lemuel_crystal_altar,
          st_stairs_14, uniq_ijyb
D:5:      layout_loops_ring, amethyst_overflow_temple_binary,
          fedhas_altar_decomposition, serial_shops, shop,
          chequers_serial_rivers_micro_a, kb_lookout_dungeons_type,
          minmay_between
D:6:      layout_basic, gammafunk_temple_overflow_elements,
          minmay_temple_entry_statues_fountains, serial_shops,
          nicolae_shop_mannequins
D:7:      layout_loops_ring, mainiacjoe_overflow_alcove_2, uniq_maggie,
          uniq_jeremiah
D:8:      layout_basic
D:9:      layout_basic, dpeg_lair_monsters, minmay_misc_feat_iff,
          nicolae_transporter_intersection, uniq_maurice
D:10:     layout_loops_ring, gammafunk_temple_overflow_statue,
          nicolae_ru_great_annihilating_truth, serial_shops,
          nicolae_shop_drivethru, enter_bailey_5
D:11:     layout_gridville, david_orc_4, serial_shops,
          nicolae_shop_advertising_works [nicolae_subvault_shop_adworks],
          gammafunk_ghost_split, uniq_grum, uniq_lodul, uniq_psyche,
          uniq_josephine
D:12:     minmay_statue_hallways, layout_irregular_city, enter_trove_5,
          uniq_gastronok, uniq_erolcha
D:13:     layout_loops_corners
D:14:     layout_rooms, david_vaults_1, chequers_serial_rivers_micro_b,
          dreamdust_wasp_nest, uniq_louise
D:15:     grunt_enter_depths_giant_problem, layout_gridville,
          amcnicky_altar_lugonu_corruption, uniq_azrael
Temple:   nicolae_temple_little_seven
Lair:1:   layout_misc_corridors, uniq_harold, uniq_fannar
Lair:2:   layout_regular_city, spider_nest_entry_a, minmay_holes,
          chequers_serial_rivers_micro_c, st_stairs_11, grunt_megastairs_4,
          infiniplex_staircase_pool_2
Lair:3:   layout_gridlike, swamp_mist_pool, basic_altar
Lair:4:   layout_regular_city, slime_entry_1, chequers_serial_rivers_marsh,
          grunt_megastairs_1, lemuel_fruit_fields
Lair:5:   wormcave, layout_long_grid, serial_bayou, serial_bayou_ford_a,
          serial_bayou_pond_b, serial_bayou_shore_a, serial_bayou_pond_d,
          serial_bayou_pond_e, serial_bayou_lagoon_a, st_stairs_13
Spider:1: layout_chambers, nicolae_spider_solar_radiation
Spider:2: layout_chambers, nicolae_spider_orb_run
Slime:1:  layout_caves
Orc:1:    layout_diamond_mine
Orc:2:    grunt_orc_gardens, layout_caves, grunt_orc_garden, grunt_orc_garden,
          grunt_orc_garden, grunt_orc_garden, basic_altar,
          kennysheep_orc_sif_temple, uniq_donald

Skill      XL: |  1  2  3  4  5  6  7  8  9 10 11 12 13 14 15 |
---------------+----------------------------------------------+-----
Axes           | 4 5 6 7 8 9 10 11 12 14 15 16 17 18 | 18.0
Fighting       | 4 5 7 8 9 10 11 13 14 | 14.9
Armour         | 3 5 6 8 9 10 11 12 13 | 13.6
Evocations     | 1 3 4 5 6 7 |  7.8
Dodging        | 3 4 5 6 8 9 10 11 12 | 12.3
Shields        | 4 6 8 12 | 12.6
Throwing       | 3 5 7 9 |  9.8

Action                     |  1- 3 |  4- 6 |  7- 9 | 10-12 | 13-15 | 16-18 || total
---------------------------+-------+-------+-------+-------+-------+-------++-------
  Melee: Hand axe          |    50 |   159 |   285 |       |       |       ||   494
         Headbutt          |    11 |    25 |    58 |   107 |   282 |    23 ||   506
         Battleaxe         |       |       |    21 |   295 |       |       ||   316
         Unarmed           |       |       |       |     4 |       |       ||     4
         Broad axe         |       |       |       |   230 |  1274 |    79 ||  1583
  Throw: Boomerang         |       |       |       |     2 |     8 |       ||    10
 Invoke: Berserk           |       |     2 |     5 |     7 |    16 |       ||    30
         Trog's Hand       |       |     1 |       |     3 |     2 |       ||     6
         Brothers in Arms  |       |       |       |       |     2 |       ||     2
  Evoke: Wand              |       |       |     1 |       |     1 |       ||     2
    Use: Scroll            |       |       |     5 |    10 |     5 |     7 ||    27
         Potion            |       |       |       |       |     1 |     1 ||     2
   Stab: Paralysed         |       |       |       |     1 |       |       ||     1
         Petrified         |       |       |       |     4 |       |       ||     4
 Armour: Leather armour    |     6 |       |       |       |       |       ||     6
         Ring mail         |    22 |       |       |       |       |       ||    22
         Scale mail        |     8 |   109 |   179 |       |       |       ||   296
         Plate armour      |       |       |    19 |   596 |   741 |    71 ||  1427
         Skin              |       |       |       |    34 |       |       ||    34
         Chain mail        |       |       |       |       |   244 |       ||   244
  Dodge: Dodged            |    17 |    64 |   121 |   227 |   424 |    20 ||   873
  Block: Buckler           |       |       |       |    43 |   164 |       ||   207
         Kite shield       |       |       |       |       |   171 |       ||   171
         Reflection        |       |       |       |       |    31 |       ||    31
         Tower shield      |       |       |       |       |   204 |   113 ||   317

Table legend: (Time is in decaauts)
 A = Elapsed time spent in this place.
 B = Non-inter-level travel time spent in this place.
 C = Inter-level travel time spent in this place.
 D = Time resting spent in this place.
 E = Time spent auto-exploring this place.
 F = Levels seen in this place.
 G = Mean time per level.
                   A        B        C        D        E       F      G
               +--------+--------+--------+--------+--------+-----+--------+
         Total |  23570 |  22222 |   1348 |   1139 |  17177 |  27 |  873.0 |
       Dungeon |  14397 |  13537 |    860 |    570 |  10889 |  15 |  959.8 |
        Temple |      1 |      1 |      0 |      0 |      0 |   1 |    1.0 |
          Lair |   5489 |   5163 |    326 |    393 |   3674 |   5 | 1097.8 |
   Spider Nest |   1879 |   1847 |     32 |      0 |   1605 |   2 |  939.5 |
    Slime Pits |      1 |      1 |      0 |      0 |      0 |   1 |    1.0 |
  Orcish Mines |   1488 |   1360 |    128 |    175 |    847 |   2 |  744.0 |
        Bailey |    312 |    312 |      0 |      0 |    161 |   1 |  312.0 |
               +--------+--------+--------+--------+--------+-----+--------+

Top non-repeatable levels by time:
Spider:1: 1696 daAuts
  Lair:5: 1654 daAuts
    D:14: 1471 daAuts
     D:3: 1206 daAuts
    D:15: 1094 daAuts
     D:9: 1089 daAuts
  Lair:2: 1088 daAuts
    D:11: 1087 daAuts
  Lair:4: 1083 daAuts
     D:2: 1028 daAuts
   Orc:2: 973 daAuts
     D:4: 964 daAuts
     D:5: 957 daAuts
    D:12: 956 daAuts
    D:13: 868 daAuts
